Map: Orbital Shipyard

Players

Idunno

  • Race: Terran Terran
  • League: Master

FoxeR - Winner!

  • Race: Protoss Protoss
  • League: Master

VOD

Have the link to the VOD?

Description

Time

  • Played on: March 5, 2016, 8:28 p.m.
  • Length: 8:26
Show
View Real Time Build Order
Export as new Build Order

Idunno Terran 

Build Orders:  

Get SALT Encoding   

  12  0:03  SCV  
  13  0:15  SCV  
  13  0:19  Supply Depot  
  14  0:27  SCV  
  15  0:41  SCV  
  16  0:42  Barracks  
  16  0:53  SCV  
  17  1:05  SCV  
  18  1:17  SCV  
  19  1:34  Marine, Supply Depot  
  20  1:41  Orbital Command  
  20  1:42  Command Center  
  20  1:52  Marine  
  21  2:05  Barracks  
  21  2:06  SCV  
  22  2:08  Barracks  
  22  2:11  Marine  
  23  2:18  SCV  
  24  2:26  Refinery x2  
  24  2:28  Marine  
  25  2:33  SCV  
  25  2:36  Engineering Bay  
  26  2:45  SCV  
  26  2:46  Marine  
  28  2:57  SCV  
  28  2:58  Orbital Command  
  28  3:03  Barracks Tech Lab  
  28  3:04  Marine  
  29  3:09  SCV  
  29  3:10  Missile Turret  
  30  3:14  Missile Turret  
  30  3:17  Marine  
  31  3:21  Stimpack  
  31  3:25  SCV  
  32  3:29  SCV  
  32  3:30  Marine  
  34  3:36  Marine  
  34  3:38  SCV  
  34  3:39  Terran Infantry Weapons Level 1  
  36  3:46  SCV  
  37  3:49  Refinery  
  37  3:50  SCV  
  38  3:56  Supply Depot  
  38  3:57  Factory  
  38  3:58  Marine  
  38  4:00  SCV  
  38  4:01  Marine  
  41  4:04  Marine  
  42  4:10  SCV, Supply Depot  
  42  4:15  SCV  
  44  4:18  Barracks Reactor  
  44  4:23  SCV, Supply Depot  
  45  4:26  Marine x2  
  45  4:29  SCV  
  48  4:38  SCV  
  48  4:41  SCV  
  48  4:43  Marine, Factory Reactor  
  48  4:44  Supply Depot  
  48  4:45  Supply Depot  
  50  4:48  Starport  
  50  4:51  SCV  
  51  4:55  SCV  
  52  5:02  Marine x3  
  52  5:04  SCV  
  56  5:07  SCV  
  56  5:11  Supply Depot x2  
  56  5:14  Engineering Bay  
  57  5:16  SCV  
  57  5:19  SCV  
  52  5:31  Concussive Shells  
  52  5:32  Marine x4  
  52  5:33  Medivac  
  52  5:34  Medivac  
  52  5:50  Marine x4  
  52  5:56  SCV  
  57  6:05  SCV  
  57  6:08  Marauder, Marine x2  
  62  6:12  Barracks  
  62  6:14  Terran Infantry Armor Level 1  
  62  6:15  Barracks  
  62  6:16  Marine  
  62  6:17  Command Center  
  58  6:22  Viking  
  58  6:24  SCV  
  61  6:25  Marine x2  
  61  6:28  SCV  
  61  6:30  Marauder  
  63  6:48  Marine  
  63  6:49  Marine x2  
  63  6:51  Marauder  
  68  6:58  SCV  
  68  7:01  Marine  
  70  7:05  Refinery  
  70  7:06  Marine x2  
  70  7:07  Marine  
  73  7:11  Armory  
  73  7:13  Marauder  
  73  7:15  Medivac x2  
  79  7:16  Marine  
  79  7:18  SCV, Marine  
  82  7:24  Marine x3  
  82  7:26  SCV  
  86  7:34  Marauder, Marine  
  86  7:36  Marine  
  90  7:37  SCV  
  90  7:42  Marine x3  
  94  7:44  SCV  
  94  7:49  Orbital Command, SCV  
  96  7:52  Marine  
  96  7:55  Marauder  
  83  8:01  Marine x3  
  90  8:08  SCV  
  90  8:09  SCV  
  94  8:26  Refinery  
Show
View Real Time Build Order
Export as new Build Order

FoxeR Protoss - Winner!

Build Orders: 1 Gate Expand 

Get SALT Encoding   

  12  0:01  Probe (Chrono Boost)  
  13  0:12  Probe (Chrono Boost)  
  14  0:18  Pylon  
  14  0:25  Probe (Chrono Boost)  
  15  0:37  Probe (Chrono Boost)  
  15  0:40  Gateway  
  16  0:47  Probe (Chrono Boost)  
  16  0:48  Assimilator  
  17  0:58  Probe (Chrono Boost)  
  18  1:09  Probe (Chrono Boost)  
  19  1:18  Nexus  
  19  1:21  Probe (Chrono Boost)  
  20  1:32  Cybernetics Core  
  20  1:35  Probe (Chrono Boost)  
  21  1:42  Pylon  
  21  1:46  Assimilator  
  21  1:50  Probe (Chrono Boost)  
  22  2:05  Probe (Chrono Boost)  
  23  2:13  Robotics Facility  
  23  2:16  Adept  
  23  2:20  Probe (Chrono Boost)  
  26  2:23  Pylon  
  26  2:31  Probe (Chrono Boost)  
  26  2:33  Probe (Chrono Boost)  
  28  2:42  Probe (Chrono Boost)  
  31  2:44  Mothership Core (Chrono Boost)  
  31  2:45  Warp Gate  
  31  2:52  Probe (Chrono Boost)  
  32  3:02  Probe (Chrono Boost)  
  32  3:03  Probe (Chrono Boost)  
  32  3:05  Warp Prism  
  36  3:09  Assimilator  
  37  3:13  Probe (Chrono Boost)  
  37  3:19  Robotics Bay  
  37  3:21  Probe (Chrono Boost)  
  37  3:23  Probe (Chrono Boost)  
  39  3:31  Probe (Chrono Boost)  
  39  3:34  Probe (Chrono Boost)  
  41  3:39  Pylon  
  41  3:40  Probe (Chrono Boost)  
  42  3:41  Observer (Chrono Boost)  
  42  3:43  Assimilator  
  42  3:44  Probe  
  44  3:50  Pylon, Probe  
  45  3:56  Probe  
  45  4:01  Disruptor (Chrono Boost)  
  45  4:02  Probe  
  46  4:06  Gravitic Drive (Chrono Boost)  
  46  4:08  Probe  
  51  4:14  Probe  
  51  4:16  Pylon  
  52  4:19  Twilight Council  
  52  4:20  Probe  
  52  4:23  Pylon  
  53  4:26  Probe  
  54  4:32  Probe  
  54  4:35  Immortal  
  54  4:38  Probe  
  56  4:44  Probe  
  61  4:46  Gateway  
  61  4:51  Gateway  
  61  5:10  Gateway  
  61  5:11  Nexus  
  61  5:15  Gateway  
  61  5:24  Disruptor  
  61  5:30  Stalker  
  61  5:32  Blink  
  61  5:33  Probe x2  
  68  5:43  Gateway  
  68  5:51  Probe x2  
  70  5:58  Pylon  
  70  6:00  Pylon  
  70  6:03  Probe x2, Stalker x2  
  76  6:07  Pylon  
  76  6:12  Stalker x2  
  76  6:15  Probe x2  
  82  6:19  Disruptor  
  82  6:22  Stalker  
  87  6:27  Probe x2  
  87  6:29  Probe  
  87  6:31  Pylon  
  90  6:39  Probe  
  91  6:46  Probe  
  92  6:56  Probe  
  92  6:57  Probe  
  92  6:58  Forge x2  
  92  7:01  Assimilator, Probe  
  95  7:06  Assimilator  
  95  7:09  Adept  
  95  7:10  Zealot, Adept x3  
  95  7:11  Zealot  
  107  7:23  Gateway  
  107  7:26  Gateway  
  107  7:29  Gateway  
  107  7:38  Pylon, Stalker x2  
  107  7:39  Stalker  
  107  7:41  Pylon  
  107  7:42  Stalker x3  
  119  7:59  Probe  
  120  8:08  Templar Archives  
  120  8:09  Stalker x6  
Tags
 
Add a new tag
Caveats
  • Supply blocks, unpowered buildings, or Contaminate may cause inaccurate times.
  • Supply counts are checked every 10 seconds.